 Seeded DCSS version 0.30.0-18-gc0e69614cb (webtiles) character file.

Game seed: 5 (custom seed)

5 Kazon the Sneak (level 1, 14/14 HPs)
             Began as an Octopode Brigand on May 24, 2023.
             Quit the game on level 1 of the Dungeon.
             The game lasted 00:00:58 (39 turns).

Kazon the Sneak (Octopode Brigand)                    Turns: 39, Time: 00:00:59

Health: 14/14      AC:  1    Str: 10    XL:     1   Next: 80%
Magic:  1/1        EV: 12    Int: 13    God:
Gold:   0          SH:  0    Dex: 13    Spells: 0/0 levels left

rFire   . . .        a - +2 dagger
rCold   . . .        (no shield)
rNeg    . . .        (helmet restricted)
rPois   .            (no amulet)
rElec   .            (no ring)
rCorr   .            (no ring)
SInv    .            (no ring)
Will    .....        (no ring)
Stlth   ++++         (no ring)
HPRegen 0.22/turn    (no ring)
MPRegen 0.07/turn    (no ring)
                     (no ring)

%: no passive effects
@: no status effects
A: almost no armour, amphibious, 8 rings, camouflage 1, gelatinous body 1,
(nimble swimmer 1), tentacles
a: no special abilities


You were on level 1 of the Dungeon.
You visited 1 branch of the dungeon, and saw 1 of its levels.

Inventory:

Hand Weapons
 a - a +2 dagger (weapon)
Missiles
 b - 8 poisoned darts (quivered)
 c - 3 curare-tipped darts
Scrolls
 d - a scroll of acquirement


   Skills:
 + Level 2.0 Fighting
 + Level 2.0 Short Blades
 + Level 2.1 Throwing
 + Level 1.0 Dodging
 + Level 5.7 Stealth


You couldn't memorise any spells.
You didn't know any spells.
Your spell library was empty.

Dungeon Overview and Level Annotations

Branches:
Dungeon (1/15)

Altars:


Innate Abilities, Weirdness & Mutations

You cannot wear most types of armour.
You are amphibious.
You can wear up to eight rings at the same time.
Your skin changes colour to match your surroundings (Stealth+).
Your rubbery body absorbs attacks. (AC +1, EV +1)
((You are camouflaged when in or above water. (Stealth+)))
You have tentacles for arms and can constrict up to eight enemies at once.


Message History

Aim: a jackal (51% to hit)
You throw a poisoned dart.
The poisoned dart closely misses the jackal.
Unknown command.
Throw: 7 darts (poison)
Press: ? - help, Q - select action, (/) - cycle Shift-Dir - straight line, f - jackal, p - jackal
Aim: a jackal (51% to hit)
You throw a poisoned dart. The poisoned dart hits the jackal.
The jackal is poisoned.
Unknown command.
Throw: 6 darts (poison)
Press: ? - help, Q - select action, (/) - cycle Shift-Dir - straight line, f/p - jackal
Aim: a jackal (51% to hit)
You throw a poisoned dart. The poisoned dart hits the jackal.
The jackal is poisoned.
The jackal misses you.
You closely miss the jackal. Your grab misses the jackal.
Your squeeze misses the jackal.
The jackal is heavily wounded.
The jackal closely misses you.
You closely miss the jackal. Your grab misses the jackal.
The jackal is severely wounded.
You kill the jackal!
The jackal bites you.
You hit the jackal but do no damage. Your grab misses the jackal.
The jackal is severely wounded.
You kill the jackal!
You hit the jackal.
You kill the jackal!
Things that are here:
a jackal corpse; a jackal corpse
Found a leather armour.
b - 6 poisoned darts (gained 1)
You see here a jackal corpse.
Found a scroll labelled FONWUV KIWOG.
b - 7 poisoned darts (gained 1)
b - 8 poisoned darts (gained 1)
d - a scroll labelled FONWUV KIWOG This is a scroll of acquirement!
Are you sure you want to abandon this character and quit the game? (Confirm with "yes".)

#[........~
####+###.####...~.
#........#.......~
#........###......
#...(....††.......
#.........###.....
#.........# #.....
#.........# #.....
#@######..# #.....
#.........# #.....
#.######### #.....
#.# #..... #.# #.#
#.# ..#


There were no monsters in sight!

Vanquished Creatures
  4 jackals (D:1)
4 creatures vanquished.

Notes
Turn   | Place    | Note
-------+----------+-------------------------------------------
     0 | D:1      | Kazon the Octopode Brigand began the quest for the Orb.
     0 | D:1      | Reached XP level 1. HP: 14/14 MP: 1/1
    39 | D:1      | Identified a scroll of acquirement
    39 | D:1      | Quit the game

Illustrated notes

Levels and vault maps discovered:
D:1:      ebering_trefoil_3fold, layout_basic, st_stairs_14, serial_bayou_ford_a

Action                     || total
---------------------------++-------
  Melee: Dagger            ||     5
         Constrict         ||     1
         Tentacles         ||     1
  Throw: Dart              ||     4
  Dodge: Dodged            ||     2
